 Dungeon Crawl Stone Soup version 0.29.1-12-g30fa7ad0bf (webtiles) character file.

Game seed: 2522177678224987781

40 unlimited1921 the Magician (level 3, 0/25 HPs)
             Began as a Djinni Fire Elementalist on Jan 10, 2023.
             Slain by a jackal (3 damage)
             ... on level 2 of the Dungeon.
             The game lasted 00:06:18 (3909 turns).

unlimited1921 the Magician (DjFE)                   Turns: 3909, Time: 00:06:19

Health: 0/25       AC:  2    Str: 13    XL:     3   Next: 72%
Gold:   74         EV: 12    Int: 18    God:
                   SH:  0    Dex: 13

rFire   + + .      SeeInvis .   c - +2 short sword (flame)
rCold   x . .      Faith    .   (no shield)
rNeg    . . .      Spirit   .   a - +0 robe
rPois   ∞          Reflect  .   (no helmet)
rElec   .          Harm     .   (no cloak)
rCorr   .          Rampage  .   (no gloves)
Will    .....                   (boots unavailable)
Stlth   ++........              (no amulet)
HPRegen 0.08/turn               e - +6 ring of strength
MPRegen 0.00/turn               (no ring)

@: flying
A: sickness immunity, fire resistance 2, cold vulnerability 1, float, innate
caster, HP casting, extra vitality 1
a: no special abilities


You were on level 2 of the Dungeon.
You visited 1 branch of the dungeon, and saw 2 of its levels.

You collected 74 gold pieces.

Inventory:

Hand Weapons
 c - a +2 short sword of flaming (weapon)
Armour
 a - a +0 robe (worn)
Jewellery
 e - a +6 ring of strength (left hand)
Scrolls
 b - 2 scrolls of poison {unknown}
 f - a scroll of teleportation {unknown}
Potions
 d - a potion of haste {unknown}


   Skills:
 + Level 2.5 Dodging
 + Level 2.0 Stealth
 + Level 3.2 Spellcasting


You couldn't memorise any spells.
You knew the following spells:

 Your Spells              Type           Power      Damage    Failure   Level
a - Foxfire               Conj/Fire      56%        2x1d6     4%          1
b - Scorch                Fire           28%        2d6       6%          2
c - Conjure Flame         Conj/Fire      14%        6-21      13%         3
d - Inner Flame           Hex/Fire       14%        N/A       13%         3
e - Flame Wave            Conj/Fire      14%        2d6       38%         4
f - Shock                 Conj/Air       56%        1d6       4%          1
Your spell library was empty.

Dungeon Overview and Level Annotations

Branches:
Dungeon (2/15)

Altars:

Annotations:
D:2 Robin, Sigmund


Innate Abilities, Weirdness & Mutations

You are immune to sickness and miasma.
You are immune to poison.
Your flesh is very heat resistant. (rF++)
You are vulnerable to cold. (rC-)
You float through the air rather than walking.
You learn spells naturally, not from books.
Your magical power is your life essence.
You have superior vitality. (+4 MHP)


Message History

Sigmund is moderately wounded.
You conjure some foxfire!
Your foxfire dissipates!
The foxfire hits Sigmund.
Sigmund is heavily wounded.
You conjure some foxfire!
Sigmund says, "You will soon forget everything."
The foxfire hits Sigmund.
Sigmund is severely wounded.
The foxfire hits Sigmund.
Sigmund is almost dead.
Sigmund mumbles some strange words.
Sigmund flickers and vanishes!
Deactivating autopickup; reactivate with Ctrl-A.
A jackal comes into view.
A magic dart appears from out of thin air!
The magic dart hits you.
You barely miss the jackal.
The jackal barks!
The jackal closely misses you.
A puff of flame appears from out of thin air!
The puff of flame hits you. You resist. The jackal barely misses you.
You are confused.
The jackal bites you but does no damage.
The jackal bites you.
* * * LOW HITPOINT WARNING * * *
You're too confused to move!
The jackal closely misses you. The jackal bites you.
* * * LOW HITPOINT WARNING * * *
You're too confused to move!
The jackal barely misses you. The jackal barely misses you.
The jackal completely misses you. The jackal attacks as you move away!
The jackal bites you.
* * * LOW HITPOINT WARNING * * *
You feel less confused. The jackal barely misses you. The jackal bites you.
* * * LOW HITPOINT WARNING * * *
The jackal attacks as you move away! The jackal bites you.
You die...

.##. .... .. .# #. . ##
.#.##.###..
##.##............#.#
##.....#..... ...#.# .
.............. ..#.# ...
..........#...##...##)#
..........# #...@....)#
..........# ###.h...).##
..........#####.{......#
.............##.........
...........#.........$..
........##.#....).......
##.....###...##<......##
####### ##..##.).....#
#..##########


You could see a jackal.

Vanquished Creatures
  2 bats (D:1)
  An endoplasm (D:1)
  2 giant cockroaches (D:1)
  6 hobgoblins
  2 jackals
  A quokka (D:1)
  5 ball pythons (D:1)
  2 frilled lizards (D:1)
  10 goblins
  4 kobolds
  A rat (D:1)
36 creatures vanquished.

Vanquished Creatures (others)
  125 foxfires
  A plant (D:1)
126 creatures vanquished.

Grand Total: 162 creatures vanquished

Notes
Turn   | Place    | Note
-------+----------+-------------------------------------------
     0 | D:1      | unlimited1921 the Djinni Fire Elementalist began the quest
                  | for the Orb.
     0 | D:1      | unlimited1921 set off with the following spells memorised:
                  | Foxfire, Scorch, Conjure Flame, Inner Flame, Flame Wave.
     0 | D:1      | Reached XP level 1. HP: 15/15 MP: 0/0
   501 | D:1      | Reached XP level 2. HP: 15/21 MP: 0/0
  1694 | D:1      | Reached skill level 3 in Spellcasting
  2068 | D:1      | Reached XP level 3. HP: 20/25 MP: 0/0
  2068 | D:1      | Learned a level 1 spell: Shock
  2980 | D:2      | Noticed Sigmund
  2980 | D:2      | Noticed Robin
  3909 | D:2      | Slain by a jackal

Illustrated notes

Levels and vault maps discovered:
D:1:      dpeg_arrival_houses_and_road, layout_loops_ring, chequers_big_river
D:2:      layout_rooms, serial_shops, shop, minmay_rat_hole, uniq_sigmund,
          uniq_robin

Skill      XL: |  1  2  3 |
---------------+----------+-----
Spellcasting   | 3 |  3.2
Stealth        | 2 |  2.0
Dodging        | |  2.5

Action                   || total
-------------------------++-------
Melee: Short sword       ||     1
 Cast: Foxfire           ||   100
       Scorch            ||     2
Armor: Robe              ||     6
Dodge: Dodged            ||    21
